 Dungeon Crawl Stone Soup version 0.31-a0-408-gb642c7f9a3 (webtiles) character file.

Game seed: 3782830920700874479

37 horus123 the Gusty (level 3, -13/26 HPs)
             Began as a Demigod Air Elementalist on July 30, 2023.
             Mangled by Crazy Yiuf
             ... wielding a +4 quarterstaff of chaos
              (14 damage)
             ... on level 2 of the Dungeon.
             The game lasted 00:02:22 (1419 turns).

horus123 the Gusty (Demigod Air Elementalist)       Turns: 1419, Time: 00:02:23

Health: -13/26     AC:  2    Str:  9    XL:     3   Next: 7%
Magic:  8/8        EV: 12    Int: 21    God:
Gold:   142        SH:  0    Dex: 14    Spells: 5/6 levels left

rFire   . . .        c - +0 sling (drain)
rCold   . . .        (no shield)
rNeg    . . .        a - +0 robe
rPois   .            (no helmet)
rElec   .            (no cloak)
rCorr   .            (no gloves)
SInv    .            (no boots)
Will    .....        (no amulet)
Stlth   ++           (no ring)
HPRegen 0.24/turn    (no ring)
MPRegen 0.11/turn

%: no passive effects
@: no status effects
A: high MP 1, forlorn, divine attributes
a: no special abilities


You were on level 2 of the Dungeon.
You visited 1 branch of the dungeon, and saw 2 of its levels.

You collected 142 gold pieces.

Inventory:

Hand Weapons
 c - a +0 sling of draining (weapon)
Armour
 a - a +0 robe (worn)
 i - an orb of mayhem
Scrolls
 d - a scroll of amnesia {unknown}
 f - 3 scrolls of identify {unknown}
 h - a scroll of fear {unknown}
 m - a scroll of blinking {unknown}
Potions
 b - a potion of magic
 e - a potion of heal wounds {unknown}
 g - 2 potions of curing {unknown}
 j - 2 potions of cancellation {unknown}
 k - a potion of berserk rage {unknown}
 l - a potion of enlightenment {unknown}


   Skills:
 - Level 2.0 Ranged Weapons
 - Level 1.7 Dodging
 - Level 1.7 Stealth
 - Level 2.1 Spellcasting
 - Level 0.8 Conjurations
 + Level 2.9 Air Magic


You had 5 spell levels left.
You knew the following spells:

 Your Spells              Type           Power      Damage    Failure   Level
a - Shock                 Conj/Air       40%        1d5       7%          1

Your spell library contained the following spells:

 Spells                   Type           Power      Damage    Failure   Level
 Static Discharge         Conj/Air       20%        2-3/arc   10%         2
 Swiftness                Air            14%        N/A       13%         3
 Airstrike                Air            7%         2d(1-17)  41%         4


Dungeon Overview and Level Annotations

Branches:
Dungeon (2/15)

Annotations:
D:2 Crazy Yiuf


Innate Abilities, Weirdness & Mutations

You have an increased reservoir of magic. (+10% MP)
You shall have no god before yourself.
Your divine heritage dramatically boosts your attributes as you level up.


Message History

You shoot a sling bullet.
The sling bullet closely misses the goblin.
You shoot a sling bullet.
The sling bullet closely misses the goblin.
The goblin barely misses you.
You shoot a sling bullet.
The sling bullet closely misses the goblin.
The goblin completely misses you. The goblin hits you but does no damage.
You shoot a sling bullet. The sling bullet hits the goblin.
You kill the goblin!
No target in view!
Found 8 stones.
You now have 142 gold pieces (gained 15).
There is an open door here.
As you open the door, it creaks loudly!
Crazy Yiuf shouts!
Unknown command.
You shoot a sling bullet.
The sling bullet hits Crazy Yiuf but does no damage.
Crazy Yiuf whimpers, "Proton shrimp return to song!"
Crazy Yiuf hits you with a +4 quarterstaff of chaos!
Ouch! That really hurt!
You are too injured to fight recklessly!
Unknown command.
Unknown command.
Crazy Yiuf attacks as you move away!
Crazy Yiuf hits you with a +4 quarterstaff of chaos!
* * * LOW HITPOINT WARNING * * *
Crazy Yiuf burns you.
* * * LOW HITPOINT WARNING * * *
Crazy Yiuf says, "Pitchfork arga unthinkable!"
Crazy Yiuf attacks as you move away!
Crazy Yiuf hits you with a +4 quarterstaff of chaos!
Ouch! That really hurt!
You die...

##.....# #.#
#.......
#.....###.##
#.......
#.....##...#
###......[
#...###....#
#.........
##### #....#
#.........
♣....♣
#......##.
♣...♣♣
#).....##.
♣♣.♣♣
#......##.
♣@♣♣
#......###
♣♣g♣
#......#
♣.♣♣
########
♣♣.♣ #'# ...
#...# #..)#
#####


You could see Crazy Yiuf.

Vanquished Creatures
  3 ball pythons
  5 bats (D:1)
  2 endoplasms (D:1)
  3 giant cockroaches (D:1)
  2 hobgoblins (D:2)
  3 jackals (D:2)
  2 quokkas
  4 frilled lizards
  5 goblins
  2 kobolds
  A rat (D:2)
32 creatures vanquished.

Notes
Turn   | Place    | Note
-------+----------+-------------------------------------------
     0 | D:1      | horus123 the Demigod Air Elementalist began the quest for
                  | the Orb.
     0 | D:1      | Reached XP level 1. HP: 14/14 MP: 5/5
   281 | D:1      | Reached skill level 1 in Ranged Weapons
   281 | D:1      | Reached XP level 2. HP: 20/20 MP: 7/7
   848 | D:2      | Found a runed translucent door.
   849 | D:2      | Noticed Crazy Yiuf
  1067 | D:2      | Reached XP level 3. HP: 26/26 MP: 8/8
  1417 | D:2      | HP: 1/26 [Crazy Yiuf/+4 quarterstaff of chaos (2)]
  1419 | D:2      | Mangled by Crazy Yiuf

Illustrated notes

Levels and vault maps discovered:
D:1:      onia_arrival_pyramid, layout_basic, nrook_mini_vaults
D:2:      layout_basic, basic_altar, minmay_misc_feat_more_columns,
          uniq_crazy_yiuf_cottage

Skill      XL: |  1  2 |
---------------+-------+-----
Spellcasting   | 2 |  2.1
Ranged Weapons | 1 2 |  2.0
Dodging        | |  1.7
Stealth        | |  1.7
Conjurations   | |  0.8
Air Magic      | |  2.9

Action                     || total
---------------------------++-------
   Fire: Sling             ||   102
   Cast: Shock             ||     6
 Armour: Robe              ||     9
  Dodge: Dodged            ||    39

Table legend: (Time is in decaauts)
 A = Elapsed time spent in this place.
 B = Non-inter-level travel time spent in this place.
 C = Inter-level travel time spent in this place.
 D = Time resting spent in this place.
 E = Time spent auto-exploring this place.
 F = Levels seen in this place.
 G = Mean time per level.
                   A        B        C        D        E       F      G
               +--------+--------+--------+--------+--------+-----+--------+
         Total |   1452 |   1420 |     32 |      0 |   1203 |   2 |  726.0 |
       Dungeon |   1452 |   1420 |     32 |      0 |   1203 |   2 |  726.0 |
               +--------+--------+--------+--------+--------+-----+--------+

Top non-repeatable levels by time:
     D:1: 783 daAuts
     D:2: 669 daAuts
